AoeStats
← 76896859

Arabia

505649593Analyzed
1v1 RM · 22d ago on Sep 10, 2026· 40m 21s· 2 players
Game mode
Random Map
Map size
Tiny (2 player)
Population
200
Speed
Normal
Resources
Standard
Victory
Conquest
Starting age
Dark Age
Ending age
Imperial Age
RankedLock teamsTeams togetherTeam positionsShared explorationLock speedFull tech treeHidden civsTurbo modeCheats
Victory
Defeat
🇨🇭 Spanish · Switzerland
1096
+15
🇨🇳 Huns · China
1074
-15
76896859
7:12 Loom
9:23 Feudal Age
11:13 Double-Bit Axe
11:10 Horse Collar
24:22 Castle Age
23:35 Bloodlines
23:21 Gold Mining
23:39 Scale Barding Armor
24:37 Wheelbarrow
25:03 Forging
26:01 Bow Saw
25:54 Heavy Plow
32:00 Chain Barding Armor
32:43 Hand Cart
33:08 Husbandry
35:25 Town Watch
37:16 Iron Casting
39:06 Stone Mining
Mini Vici
8:35 Loom
10:48 Feudal Age
17:32 Fletching
19:13 Double-Bit Axe
21:17 Town Watch
24:20 Castle Age
22:33 Horse Collar
23:07 Man-at-Arms
24:01 Forging
27:51 Padded Archer Armor
31:18 Husbandry
31:29 Gold Mining
32:10 Bow Saw
32:28 Leather Archer Armor
32:33 Bloodlines
33:09 Wheelbarrow
34:00 Stone Mining
34:14 Heavy Plow
35:39 Hand Cart
Connection lost

Rejoining the realm…

Still unreachable

The connection could not be restored.

Session expired

The server has moved on; the page needs a fresh start.